Map: Cyber Forest LE

Players

MarineLorD - Winner!

  • Race: Terran Terran
  • Spawn Location: 11:00

BratOK (Brat_OK)

  • Race: Terran Terran
  • Spawn Location: 5:00

Event: 2019 WCS Summer

VOD

Have the link to the VOD?

Description

Time

  • Played on: July 12, 2019, 9:49 a.m.
  • Length: 6:55

All games in this series

Show
View Real Time Build Order
Export as new Build Order

MarineLorD Terran - Winner!

Build Orders: Liberator Opening 

Get SALT Encoding   

  12  0:00  SCV  
  13  0:12  SCV  
  14  0:18  Supply Depot  
  14  0:24  SCV  
  15  0:28  Refinery  
  15  0:40  SCV  
  16  0:44  Barracks  
  16  0:52  SCV  
  16  0:55  Refinery  
  17  1:04  SCV  
  18  1:16  SCV  
  19  1:30  Orbital Command  
  19  1:31  Reaper  
  20  1:38  Factory  
  20  1:47  Bunker  
  20  1:58  Supply Depot  
  20  2:01  SCV  
  20  2:06  Marine  
  22  2:13  SCV  
  23  2:22  Hellion  
  25  2:26  Marine  
  26  2:31  Starport  
  26  2:34  Supply Depot  
  26  2:36  SCV  
  27  2:43  Hellion  
  29  2:45  Barracks Tech Lab  
  29  2:48  SCV  
  29  2:50  Liberator  
  30  3:00  SCV  
  35  3:14  Barracks Reactor  
  34  3:20  SCV  
  34  3:26  Command Center  
  35  3:33  Cyclone  
  38  3:34  SCV  
  39  3:44  Supply Depot  
  39  4:05  SCV  
  39  4:07  Cyclone  
  41  4:17  SCV  
  41  4:20  Marine  
  41  4:21  Marine  
  41  4:30  SCV  
  42  4:34  Refinery  
  41  4:41  Siege Tank  
  41  4:42  Marine x2, SCV  
  48  4:46  Orbital Command  
  47  4:54  SCV  
  47  5:01  Starport Tech Lab  
  47  5:05  Marine x2  
  47  5:06  SCV  
  47  5:12  SCV  
  47  5:13  Siege Tank  
  48  5:18  SCV  
  48  5:20  Raven  
  51  5:24  Command Center, SCV  
  51  5:26  Supply Depot  
  52  5:28  Marine x2  
  52  5:30  SCV  
  55  5:36  SCV  
  55  5:38  Refinery, Supply Depot  
  55  5:42  SCV  
  57  5:45  Siege Tank  
  57  5:48  SCV  
  57  5:49  Supply Depot  
  61  5:54  SCV  
  62  6:00  SCV  
  63  6:06  SCV  
  63  6:13  SCV  
  63  6:17  Viking x2  
  68  6:19  Marine  
  68  6:20  Siege Tank  
  68  6:24  SCV  
  68  6:25  Barracks, SCV  
  74  6:26  Barracks  
  74  6:36  SCV  
  74  6:37  SCV  
Show
View Real Time Build Order
Export as new Build Order

BratOK Terran 

Build Orders: 2 Factory 

Get SALT Encoding   

  12  0:00  SCV  
  13  0:15  Supply Depot  
  13  0:18  SCV  
  14  0:37  Barracks  
  14  0:41  Refinery  
  14  0:55  Barracks  
  14  1:00  SCV  
  15  1:12  SCV  
  16  1:24  Reaper  
  17  1:27  Orbital Command  
  17  1:33  Refinery  
  17  1:43  Reaper  
  18  1:49  Supply Depot  
  18  2:00  Reaper  
  19  2:07  SCV  
  20  2:19  SCV  
  21  2:24  Factory  
  21  2:31  SCV  
  22  2:44  SCV  
  23  2:55  Command Center  
  23  3:02  SCV  
  24  3:11  Factory Tech Lab  
  24  3:18  Factory  
  24  3:22  SCV  
  25  3:30  Cyclone  
  28  3:34  SCV  
  28  3:37  Supply Depot  
  29  3:47  Barracks Tech Lab, SCV  
  30  3:59  SCV  
  26  4:22  Cyclone  
  22  4:30  Cyclone  
  24  4:43  Orbital Command  
  22  5:09  SCV  
  22  5:12  SCV  
  25  5:21  SCV  
  25  5:29  SCV  
  25  5:33  SCV  
  29  5:38  Siege Tank x2  
  29  5:41  SCV  
  33  5:45  SCV  
  34  5:51  Marine  
  34  5:53  Starport  
  34  5:55  SCV  
  36  6:00  Refinery  
  36  6:05  SCV  
  36  6:07  SCV  
  36  6:10  Barracks Reactor  
  38  6:17  SCV  
  36  6:22  Siege Tank  
  36  6:23  SCV  
  40  6:30  SCV  
  41  6:35  SCV  
  42  6:42  SCV  
Tags
 
Add a new tag
Caveats
  • Supply blocks, unpowered buildings, or Contaminate may cause inaccurate times.
  • Supply counts are checked every 10 seconds.